MLB
WASHINGTON NATIONALS @ NEW YORK METS
03/28/2020
 
TOP OF THE 1ST
Washington Nationals batting - Pitching for New York Mets : LHP Eduardo Rodriguez
Pitching: LHP Eduardo Rodriguez
Batting: LHB Adam Eaton 0-0: Ball
1-0: Foul Ball, location: 2F
1-1: Ball
2-1: Bunt for hit to 15 - play at first, batter safe!
Batting: RHB Adeiny Hechavarria 0-0: Ball
1-0: Swinging Strike
1-1: Foul Ball, location: 2F
1-2: Fly out, F3 (Popup, 34S, EV 77.5 MPH)
Batting: RHB Chris Taylor 0-0: Ball
1-0: Called Strike
1-1: Called Strike
1-2: Ball
2-2: Ball
3-2: Foul Ball, location: 2F
3-2: Foul Ball, location: 2F
3-2: DOUBLE (Groundball, 5L, EV 104.4 MPH)
Adam Eaton to third
Adam Eaton scores
Batting: LHB Mike Ford 0-0: Ball
1-0: Called Strike
1-1: Foul Ball, location: 2F
1-2: Ball
2-2: Ball
3-2: Foul Ball, location: 2F
3-2: Fly out, F8 (Flyball, 8LS, EV 86.3 MPH)
Batting: RHB Evan Longoria 0-0: Ball
1-0: Foul Ball, location: 2F
1-1: Swinging Strike
1-2: Ground out 5-3 (Groundball, 56, EV 85.0 MPH)
Top of the 1st over - 1 run, 2 hits, 0 errors, 1 left on base; Washington 1 - New York 0
BOTTOM OF THE 1ST
New York Mets batting - Pitching for Washington Nationals : RHP Corey Kluber
Pitching: RHP Corey Kluber
Batting: SHB Jonathan Villar 0-0: Foul Ball, location: 2F
0-1: Called Strike
0-2: Ball
1-2: SINGLE (Line Drive, 6MD, EV 100.6 MPH)
Batting: LHB Scott Schebler 0-0: Swinging Strike
0-1: Fly out, F9 (Line Drive, 9, EV 85.6 MPH)
Batting: LHB Eddie Rosario 0-0: SINGLE (Groundball, 34D, EV 97.5 MPH)
Jonathan Villar to second
Runner from 2nd tries for 3rd, SAFE, throw by RF made to third
Batting: LHB Mike Moustakas 0-0: Called Strike
0-1: Swinging Strike
0-2: Grounds into double play, 4-6-3 (Groundball, 4, EV 106.3 MPH)
Bottom of the 1st over - 0 runs, 2 hits, 0 errors, 1 left on base; Washington 1 - New York 0
TOP OF THE 2ND
Washington Nationals batting - Pitching for New York Mets : LHP Eduardo Rodriguez
Batting: LHB Andrew Benintendi 0-0: Ball
1-0: Ball
2-0: Ball
3-0: Base on Balls
Batting: RHB Tom Murphy 0-0: Ball
1-0: Swinging Strike
1-1: Ball
2-1: Swinging Strike
2-2: Foul Ball, location: 2F
2-2: Ball
3-2: Foul Ball, location: 2F
3-2: Base on Balls
Andrew Benintendi to second
Batting: LHB Jackie Bradley Jr. 0-0: Called Strike
0-1: Swinging Strike
0-2: Strikes out looking
Batting: RHB Corey Kluber 0-0: Ball
1-0: Sac Bunt to 15 - play at first, batter OUT! 1-4
Andrew Benintendi to third
Tom Murphy to second
Batting: LHB Adam Eaton 0-0: Ball
1-0: Ball
2-0: Ground out 5-3 (Groundball, 56, EV 93.1 MPH)
Top of the 2nd over - 0 runs, 0 hits, 0 errors, 2 left on base; Washington 1 - New York 0
BOTTOM OF THE 2ND
New York Mets batting - Pitching for Washington Nationals : RHP Corey Kluber
Batting: RHB Rhys Hoskins 0-0: Called Strike
0-1: Called Strike
0-2: Strikes out swinging
Batting: RHB Starlin Castro 0-0: Ball
1-0: Ball
2-0: Called Strike
2-1: Foul Ball, location: 2F
2-2: Ball
3-2: SINGLE (Line Drive, 89S, EV 106.3 MPH)
Batting: RHB Nick Ahmed 0-0: Called Strike
0-1: Foul Ball, location: 2F
0-2: Strikes out looking
Batting: RHB Christian Vazquez 0-0: Called Strike
0-1: Foul Ball, location: 2F
0-2: Ball
1-2: Fielders Choice at 2nd, 6-4 (Groundball, 6, EV 81.9 MPH)
Bottom of the 2nd over - 0 runs, 1 hit, 0 errors, 1 left on base; Washington 1 - New York 0
TOP OF THE 3RD
Washington Nationals batting - Pitching for New York Mets : LHP Eduardo Rodriguez
Batting: RHB Adeiny Hechavarria 0-0: Called Strike
0-1: Ball
1-1: Reached on error, E1 (Groundball, P, EV 43.8 MPH)
Batting: RHB Chris Taylor 0-0: Ball
1-0: Called Strike
1-1: Swinging Strike
1-2: Fly out, F7 (Flyball, 78D, EV 101.3 MPH)
Batting: LHB Mike Ford 0-0: Ball
1-0: Ball
2-0: Ground out U3 (Groundball, 34, EV 104.4 MPH)
Adeiny Hechavarria to third
Batting: RHB Evan Longoria 0-0: Ball
1-0: Foul Ball, location: 2F
1-1: Ground out 5-3 (Groundball, 5, EV 81.3 MPH)
Top of the 3rd over - 0 runs, 0 hits, 1 error, 1 left on base; Washington 1 - New York 0
BOTTOM OF THE 3RD
New York Mets batting - Pitching for Washington Nationals : RHP Corey Kluber
Batting: LHB Eduardo Rodriguez 0-0: Called Strike
0-1: Ground out 1-3 (Groundball, 13, EV 89.4 MPH)
Batting: SHB Jonathan Villar 0-0: Called Strike
0-1: Called Strike
0-2: Ball
1-2: Ball
2-2: Ground out U3 (Groundball, 3L, EV 106.9 MPH)
Batting: LHB Scott Schebler 0-0: Called Strike
0-1: Ground out 4-3 (Groundball, 34D, EV 100.0 MPH)
Bottom of the 3rd over - 0 runs, 0 hits, 0 errors, 0 left on base; Washington 1 - New York 0
TOP OF THE 4TH
Washington Nationals batting - Pitching for New York Mets : LHP Eduardo Rodriguez
Batting: LHB Andrew Benintendi 0-0: Foul Ball, location: 2F
0-1: Swinging Strike
0-2: Strikes out swinging
Batting: RHB Tom Murphy 0-0: Called Strike
0-1: Foul Ball, location: 2F
0-2: Ball
1-2: Ball
2-2: Strikes out swinging
Batting: LHB Jackie Bradley Jr. 0-0: Called Strike
0-1: Ball
1-1: Ball
2-1: Ball
3-1: Base on Balls
Batting: RHB Corey Kluber 0-0: Foul Ball, location: 2F
0-1: Ball
1-1: Swinging Strike
1-2: Strikes out looking
Top of the 4th over - 0 runs, 0 hits, 0 errors, 1 left on base; Washington 1 - New York 0
BOTTOM OF THE 4TH
New York Mets batting - Pitching for Washington Nationals : RHP Corey Kluber
Batting: LHB Eddie Rosario 0-0: Ground out 4-3 (Groundball, 4, EV 92.5 MPH)
Batting: LHB Mike Moustakas 0-0: Foul Ball, location: 2F
0-1: Fly out, F9 (Flyball, 9S, EV 92.5 MPH)
Batting: RHB Rhys Hoskins 0-0: Swinging Strike
0-1: Called Strike
0-2: Ball
1-2: Strikes out swinging
Bottom of the 4th over - 0 runs, 0 hits, 0 errors, 0 left on base; Washington 1 - New York 0
TOP OF THE 5TH
Washington Nationals batting - Pitching for New York Mets : LHP Eduardo Rodriguez
Batting: LHB Adam Eaton 0-0: Ball
1-0: Ball
2-0: Ground out 4-3 (Groundball, 4MD, EV 102.5 MPH)
Batting: RHB Adeiny Hechavarria 0-0: Ball
1-0: Fly out, F3 (Popup, 34S, EV 80.6 MPH)
Batting: RHB Chris Taylor 0-0: Swinging Strike
0-1: Foul Ball, location: 2F
0-2: Strikes out looking
Top of the 5th over - 0 runs, 0 hits, 0 errors, 0 left on base; Washington 1 - New York 0
BOTTOM OF THE 5TH
New York Mets batting - Pitching for Washington Nationals : RHP Corey Kluber
Batting: RHB Starlin Castro 0-0: Fly out, F8 (Flyball, 8LS, EV 84.4 MPH)
Batting: RHB Nick Ahmed 0-0: Called Strike
0-1: Foul Ball, location: 2F
0-2: Ground out 3-1 (Groundball, 34, EV 81.9 MPH)
Batting: RHB Christian Vazquez 0-0: Called Strike
0-1: Ball
1-1: Foul Ball, location: 2F
1-2: Ground out 6-3 (Groundball, 6, EV 88.1 MPH)
Bottom of the 5th over - 0 runs, 0 hits, 0 errors, 0 left on base; Washington 1 - New York 0
TOP OF THE 6TH
Washington Nationals batting - Pitching for New York Mets : LHP Eduardo Rodriguez
Pitching: RHP Justin Anderson
Batting: LHB Mike Ford 0-0: Ball
1-0: Called Strike
1-1: Swinging Strike
1-2: Strikes out swinging
Batting: RHB Evan Longoria 0-0: Called Strike
0-1: Called Strike
0-2: Ball
1-2: Strikes out looking
Batting: LHB Andrew Benintendi 0-0: Called Strike
0-1: Ball
1-1: Swinging Strike
1-2: Ball
2-2: Ball
3-2: Ground out 4-3 (Groundball, 4, EV 82.5 MPH)
Top of the 6th over - 0 runs, 0 hits, 0 errors, 0 left on base; Washington 1 - New York 0
BOTTOM OF THE 6TH
New York Mets batting - Pitching for Washington Nationals : RHP Corey Kluber
Pinch Hitting: SHB Ian Happ 0-0: Ball
1-0: Swinging Strike
1-1: Called Strike
1-2: Foul Ball, location: 2F
1-2: Foul Ball, location: 2F
1-2: Strikes out swinging
Batting: SHB Jonathan Villar 0-0: Ball
1-0: Swinging Strike
1-1: Ball
2-1: Ball
3-1: Base on Balls
Batting: LHB Scott Schebler 0-0: Called Strike
0-1: Called Strike
0-2: Ball
Jonathan Villar is caught stealing 2nd base 2-6
1-2: Strikes out swinging
Bottom of the 6th over - 0 runs, 0 hits, 0 errors, 0 left on base; Washington 1 - New York 0
TOP OF THE 7TH
Washington Nationals batting - Pitching for New York Mets : RHP Justin Anderson
Pitching: RHP Steve Cishek
Batting: RHB Tom Murphy 0-0: Called Strike
0-1: Foul Ball, location: 2F
0-2: Foul Ball, location: 2F
0-2: Ground out 5-3 (Groundball, 5, EV 103.1 MPH)
Batting: LHB Jackie Bradley Jr. 0-0: Ball
1-0: Foul Ball, location: 2F
1-1: Called Strike
1-2: Ball
2-2: Strikes out swinging, 2-3 out at first.
Pitching: RHP Tanner Rainey
Batting: RHB Corey Kluber 0-0: Called Strike
0-1: Called Strike
0-2: Strikes out looking
Top of the 7th over - 0 runs, 0 hits, 0 errors, 0 left on base; Washington 1 - New York 0
BOTTOM OF THE 7TH
New York Mets batting - Pitching for Washington Nationals : RHP Corey Kluber
Batting: LHB Eddie Rosario 0-0: Ball
1-0: Ball
2-0: Fly out, F8 (Line Drive, 8LD, EV 95.0 MPH)
Batting: LHB Mike Moustakas 0-0: Foul Ball, location: 2F
0-1: Ball
1-1: Foul Ball, location: 2F
1-2: Ball
2-2: Fly out, F1 (Popup, P, EV 75.0 MPH)
Batting: RHB Rhys Hoskins 0-0: Foul Ball, location: 2F
0-1: Ball
1-1: Swinging Strike
1-2: Ball
2-2: Strikes out swinging, 2-3 out at first.
Bottom of the 7th over - 0 runs, 0 hits, 0 errors, 0 left on base; Washington 1 - New York 0
TOP OF THE 8TH
Washington Nationals batting - Pitching for New York Mets : RHP Tanner Rainey
Batting: LHB Adam Eaton 0-0: SINGLE (Line Drive, 8LS, EV 89.4 MPH)
Batting: RHB Adeiny Hechavarria 0-0: Ball
1-0: Foul Ball, location: 2F
1-1: Foul Ball, location: 2F
1-2: Foul Ball, location: 2F
1-2: Ball
2-2: Strikes out swinging
Batting: RHB Chris Taylor 0-0: Swinging Strike
0-1: Swinging Strike
0-2: Foul Ball, location: 2F
0-2: Strikes out swinging
Batting: LHB Mike Ford 0-0: Called Strike
0-1: Ball
1-1: Swinging Strike
1-2: Ball
2-2: Ball
3-2: Base on Balls
Adam Eaton to second
Batting: RHB Evan Longoria 0-0: Ball
1-0: Called Strike
1-1: Called Strike
1-2: Ball
2-2: Foul Ball, location: 2F
2-2: Ball
3-2: Strikes out swinging
Top of the 8th over - 0 runs, 1 hit, 0 errors, 2 left on base; Washington 1 - New York 0
BOTTOM OF THE 8TH
New York Mets batting - Pitching for Washington Nationals : RHP Corey Kluber
Batting: RHB Starlin Castro 0-0: Ball
1-0: Foul Ball, location: 2F
1-1: SINGLE (Flyball, 8LS, EV 93.8 MPH)
Pinch Hitting: LHB Travis Shaw 0-0: Called Strike
0-1: Swinging Strike
0-2: Fly out, F7 (Flyball, 78M, EV 84.4 MPH)
Batting: RHB Christian Vazquez 0-0: Foul Ball, location: 2F
0-1: Ball
1-1: Ball
2-1: Foul Ball, location: 2F
2-2: Strikes out swinging
Pinch Hitting: SHB Ehire Adrianza 0-0: Called Strike
0-1: Ball
1-1: Ground out 1-3 (Groundball, 34S, EV 87.5 MPH)
Bottom of the 8th over - 0 runs, 1 hit, 0 errors, 1 left on base; Washington 1 - New York 0
TOP OF THE 9TH
Washington Nationals batting - Pitching for New York Mets : RHP Tanner Rainey
Pitching: RHP Corey Knebel
Now at SS: Ehire Adrianza
Batting: LHB Andrew Benintendi 0-0: Swinging Strike
0-1: Called Strike
0-2: Strikes out swinging
Batting: RHB Tom Murphy 0-0: Called Strike
0-1: Swinging Strike
0-2: Ball
1-2: Ball
2-2: Strikes out swinging
Batting: LHB Jackie Bradley Jr. 0-0: Foul Ball, location: 2F
0-1: Ball
1-1: Swinging Strike
1-2: Ball
2-2: Ball
3-2: Strikes out swinging
Top of the 9th over - 0 runs, 0 hits, 0 errors, 0 left on base; Washington 1 - New York 0
BOTTOM OF THE 9TH
New York Mets batting - Pitching for Washington Nationals : RHP Corey Kluber
Pitching: RHP Kyle Crick
Now at 2B: Alen Hanson
Batting: SHB Jonathan Villar 0-0: Ball
1-0: Ball
2-0: Called Strike
2-1: Ball
3-1: Base on Balls
Batting: LHB Scott Schebler 0-0: Ball
1-0: Foul Ball, location: 2F
1-1: Swinging Strike
1-2: Hit by Pitch
Jonathan Villar to second
Batting: LHB Eddie Rosario 0-0: Called Strike
0-1: SINGLE (Line Drive, 34, EV 108.1 MPH)
Jonathan Villar to third
Scott Schebler to second
Batting: LHB Mike Moustakas 0-0: Called Strike
0-1: Foul Ball, location: 2F
0-2: Foul Ball, location: 2F
0-2: Foul Ball, location: 2F
0-2: Foul Ball, location: 2F
0-2: Grounds into fielders choice 4-2 (Groundball, 34, EV 98.8 MPH)
Scott Schebler to third
Eddie Rosario to second
Batting: RHB Rhys Hoskins 0-0: Hit by Pitch
Scott Schebler scores
Eddie Rosario to third
Mike Moustakas to second
Batting: RHB Starlin Castro 0-0: Ball
1-0: Foul Ball, location: 2F
1-1: Foul Ball, location: 2F
1-2: Foul Ball, location: 2F
1-2: Strikes out swinging
Pinch Hitting: RHB Kyle Farmer 0-0: Ball
1-0: Ball
2-0: Ball
3-0: Called Strike
3-1: Base on Balls
Eddie Rosario scores
Mike Moustakas to third
Rhys Hoskins to second
Bottom of the 9th over - 2 runs, 1 hit, 0 errors, 0 left on base; Washington 1 - New York 2
Sunday, May 17th, 2020 - OOTP Baseball 21.3 Build 48